Map: Frozen Temple

Players

KalVasFlam - Winner!

  • Race: Terran Terran
  • League: Master

Miszu

  • Race: Protoss Protoss
  • League: Master

VOD

Have the link to the VOD?

Description

Time

  • Played on: April 3, 2016, 4:04 p.m.
  • Length: 9:10
Show
View Real Time Build Order
Export as new Build Order

KalVasFlam Terran - Winner!

Build Orders: 1/1/1, Liberator Opening, MMM Bio 

Get SALT Encoding   

  12  0:00  SCV  
  13  0:13  SCV  
  14  0:17  Supply Depot  
  14  0:25  SCV  
  15  0:28  Refinery  
  15  0:39  SCV  
  16  0:45  Barracks  
  16  0:51  SCV  
  17  0:59  Refinery  
  17  1:03  SCV  
  18  1:15  SCV  
  19  1:27  SCV  
  20  1:33  Factory  
  20  1:34  Marine  
  21  1:41  Orbital Command  
  21  1:53  Marine  
  22  1:59  Supply Depot  
  22  2:07  SCV  
  23  2:12  Barracks Reactor  
  23  2:18  Starport  
  23  2:21  SCV  
  24  2:33  SCV  
  25  2:38  Supply Depot  
  25  2:40  Factory Tech Lab  
  25  2:45  SCV  
  25  2:49  Liberator  
  25  2:50  Marine x2  
  28  2:56  Fusion Core  
  28  2:57  SCV  
  29  3:08  Marine  
  29  3:09  Marine, SCV  
  35  3:22  Supply Depot  
  35  3:23  SCV  
  36  3:27  Marine  
  36  3:28  Marine  
  36  3:34  Liberator  
  38  3:45  Marine x2  
  38  3:47  Advanced Ballistics  
  38  3:48  SCV  
  44  4:05  Command Center  
  44  4:09  Marine x2  
  46  4:26  Factory Tech Lab  
  46  4:27  Barracks  
  46  4:30  Barracks, SCV  
  47  5:16  Marine x2, SCV  
  47  5:19  Factory Reactor  
  46  5:21  Orbital Command  
  50  5:23  Engineering Bay  
  50  5:24  Stimpack  
  50  5:26  Marauder x2  
  50  5:27  Combat Shields  
  50  5:28  Medivac  
  56  5:34  Supply Depot, Marine x2  
  58  5:42  Orbital Command  
  58  5:46  SCV  
  59  5:52  Marine  
  59  5:53  Marauder  
  59  5:55  Marine  
  59  5:56  Marauder  
  65  5:57  Supply Depot  
  65  6:00  Terran Infantry Weapons Level 1  
  65  6:02  Supply Depot  
  65  6:15  Marine x2, Marauder, Factory Reactor  
  69  6:21  Marauder  
  69  6:24  Supply Depot  
  71  6:32  Medivac x2  
  72  6:35  SCV  
  72  6:37  SCV  
  72  6:39  Marine  
  75  6:40  Marine  
  75  6:44  Marauder  
  75  6:46  Concussive Shells  
  78  6:48  SCV  
  78  6:52  SCV  
  80  6:57  Supply Depot  
  80  7:00  Widow Mine x2, SCV  
  85  7:02  Marine  
  85  7:05  Marine  
  87  7:11  Marauder  
  87  7:12  Marauder  
  88  7:23  Barracks  
  88  7:25  Supply Depot, Barracks  
  88  7:27  SCV x2  
  90  7:31  Missile Turret  
  90  7:36  Liberator  
  94  7:37  Marauder x2  
  93  7:51  Widow Mine  
  93  7:52  Widow Mine  
  93  7:54  SCV x2  
  93  7:58  Refinery x2, Marine  
  102  7:59  Marine  
  102  8:00  Marauder  
  83  8:24  Barracks Reactor, Marauder x2  
  83  8:25  Barracks Reactor, Marine x2  
  89  8:40  SCV x2  
  91  8:43  Marine x2  
  91  8:45  Command Center, Marauder  
Show
View Real Time Build Order
Export as new Build Order

Miszu Protoss 

Build Orders: 1 Gate Expand 

Get SALT Encoding   

  12  0:02  Probe (Chrono Boost)  
  13  0:12  Probe (Chrono Boost)  
  14  0:18  Pylon  
  14  0:23  Probe (Chrono Boost)  
  15  0:36  Probe (Chrono Boost)  
  15  0:40  Gateway  
  16  0:47  Probe (Chrono Boost)  
  17  0:57  Probe (Chrono Boost)  
  18  1:12  Nexus  
  18  1:16  Probe (Chrono Boost)  
  19  1:20  Assimilator  
  19  1:28  Probe (Chrono Boost)  
  19  1:32  Cybernetics Core  
  20  1:39  Probe (Chrono Boost)  
  21  1:44  Assimilator  
  21  1:50  Probe (Chrono Boost)  
  21  1:51  Pylon  
  22  2:00  Probe (Chrono Boost)  
  23  2:09  Adept  
  23  2:11  Probe (Chrono Boost)  
  23  2:15  Warp Gate  
  26  2:21  Probe (Chrono Boost)  
  27  2:24  Probe (Chrono Boost)  
  28  2:32  Probe (Chrono Boost)  
  28  2:35  Mothership Core (Chrono Boost)  
  31  2:38  Adept  
  31  2:42  Probe (Chrono Boost)  
  34  2:53  Probe x2 (Chrono Boost)  
  36  2:59  Robotics Facility  
  36  3:02  Pylon  
  36  3:03  Probe (Chrono Boost)  
  37  3:06  Probe (Chrono Boost)  
  38  3:14  Probe (Chrono Boost)  
  38  3:17  Probe (Chrono Boost)  
  40  3:24  Probe (Chrono Boost)  
  41  3:27  Gateway  
  41  3:29  Probe (Chrono Boost)  
  41  3:30  Gateway  
  42  3:35  Probe (Chrono Boost)  
  42  3:39  Probe (Chrono Boost)  
  44  3:44  Pylon  
  44  3:47  Observer (Chrono Boost)  
  45  3:58  Pylon  
  45  3:59  Pylon  
  49  4:10  Immortal (Chrono Boost)  
  49  4:16  Forge  
  49  4:19  Twilight Council  
  49  4:22  Assimilator  
  49  4:24  Adept  
  49  4:25  Assimilator  
  49  4:27  Adept x2  
  49  4:30  Probe  
  49  4:31  Probe  
  57  4:39  Gateway  
  57  4:41  Gateway x2  
  57  4:42  Probe  
  58  4:54  Protoss Ground Weapons Level 1  
  58  4:56  Resonating Glaives  
  58  4:58  Probe x2  
  60  5:02  Photon Cannon  
  60  5:03  Photon Cannon  
  60  5:09  Stargate  
  60  5:10  Probe  
  59  5:18  Stalker  
  53  5:39  Stalker x2  
  56  6:03  Stalker  
  57  6:12  Probe x2  
  58  6:24  Probe x2  
  55  6:35  Phoenix (Chrono Boost)  
  55  6:37  Probe x2  
  58  6:49  Probe  
  58  6:50  Probe  
  58  6:51  Protoss Ground Weapons Level 2  
  60  7:01  Probe  
  61  7:02  Probe  
  62  7:13  Probe  
  62  7:14  Probe  
  64  7:25  Probe  
  64  7:27  Probe  
  66  7:34  Immortal (Chrono Boost)  
  70  7:37  Probe  
  70  7:40  Sentry x2  
  73  7:53  Adept  
  73  7:55  Adept  
  77  8:01  Pylon  
  77  8:02  Pylon  
  77  8:11  Pylon  
  69  8:15  Immortal (Chrono Boost)  
  69  8:17  Adept x2  
  69  8:18  Adept x2  
  70  8:20  Adept  
  72  8:31  Adept  
  74  8:41  Adept x2  
  78  8:42  Sentry  
Tags
 
Add a new tag
Caveats
  • Supply blocks, unpowered buildings, or Contaminate may cause inaccurate times.
  • Supply counts are checked every 10 seconds.